 Dungeon Crawl Stone Soup version 0.30.1-11-g7821555f0a (webtiles) character file.

Game seed: 8049306634659131719

513 Zangoc the Cleaver (level 7, -5/90 HPs)
             Began as a Minotaur Berserker on Nov 18, 2023.
             Was a Priest of Trog.
             Slain by an iguana (8 damage)
             ... on level 5 of the Dungeon on Nov 19, 2023.
             The game lasted 00:42:52 (1961 turns).

Zangoc the Cleaver (Minotaur Berserker)             Turns: 1961, Time: 00:42:53

Health: -5/90      AC:  5    Str: 24    XL:     7   Next: 0%
Magic:  6/6        EV: 12    Int:  4    God:    Trog [***...]
Gold:   138        SH:  0    Dex: 12    Spells: 6/6 levels left

rFire   . . .        j - +8 hand axe "Uqoraepo" {vamp, Dex+3}
rCold   . . .        (no shield)
rNeg    . . .        n - +0 ring mail
rPois   .            (helmet restricted)
rElec   .            (no cloak)
rCorr   .            (no gloves)
SInv    .            (no boots)
Will    .....        (no amulet) Stlth
                     (no ring)
HPRegen 0.35/turn    (no ring)
MPRegen 0.10/turn

%: no passive effects
@: berserking (expiring), very quick
A: horns 2, retaliatory headbutt
a: Renounce Religion, Berserk, Trog's Hand


You were on level 5 of the Dungeon.
You worshipped Trog.
Trog was most pleased with you.
You visited 1 branch of the dungeon, and saw 5 of its levels.

You collected 138 gold pieces.

Inventory:

Hand Weapons
 j - the +8 hand axe "Uqoraepo" (weapon) {vamp, Dex+3}
   (You found it on level 2 of the Dungeon)

   Dex:       It affects your dexterity (+3).
Missiles
 h - 20 stones (quivered)
Armour
 b - a +0 animal skin
 n - a +0 ring mail (worn)
 q - a +0 robe
Wands
 f - a wand of flame (14)
 m - a wand of iceblast (9)
Scrolls
 c - a scroll of noise {unknown}
 k - 2 scrolls of teleportation {unknown}
 o - a scroll of enchant armour {unknown}
 p - a scroll of magic mapping {unknown}
Potions
 a - a potion of curing {unknown}
 d - 2 potions of ambrosia {unknown}
 e - a potion of might
 g - a potion of heal wounds
 i - a potion of haste {unknown}
 l - 3 potions of berserk rage {unknown}


   Skills:
 - Level 4.3 Fighting
 + Level 8.6 Axes
 - Level 3.3 Armour
 - Level 3.1 Dodging


You had 6 spell levels left.
You didn't know any spells.
Your spell library contained the following spells:

 Spells                   Type           Power      Damage    Failure   Level
 Poisonous Vapours        Pois/Air       0%         N/A       78%         2
 Mephitic Cloud           Conj/Pois/Air  0%         N/A       95%         3
 Freezing Cloud           Conj/Ice/Air   0%         6-21      100%        5


Dungeon Overview and Level Annotations

Branches:
Dungeon (5/15)
 Temple: D:4-7

Altars:
Makhleb
Yredelemnul
The Shining One

Annotations:
D:1 1 exclusion


Innate Abilities, Weirdness & Mutations

You have a pair of horns on your head.
You reflexively headbutt those who attack you in melee.


Message History

The wight is severely damaged.
The wight misses you. The wight attacks as you move away!
The wight hits you with a +1 scimitar of freezing!
* * * LOW HITPOINT WARNING * * *
The wight freezes you.
* * * LOW HITPOINT WARNING * * *
A red film seems to cover your vision as you go berserk!
You feel yourself moving faster!
You feel mighty! The wight misses you.
You slice the wight!!
You destroy the wight!
Trog accepts your kill.
Your life force feels restored.
Your Axes skill increases to level 8!
You barely miss the wight. You slash the wight!
The wight is heavily damaged.
The wight hits you with a +3 flail!
* * * LOW HITPOINT WARNING * * *
You feel drained.
* * * LOW HITPOINT WARNING * * *
You closely miss the wight.
The wight is heavily damaged.
The wight hits you with a +3 flail.
* * * LOW HITPOINT WARNING * * *
You barely miss the wight. Your headbutt misses the wight.
The wight is moderately damaged.
You slash the wight!
You destroy the wight!
Trog accepts your kill.
Your life force feels restored.
You slash the wight!
The wight is severely damaged.
You slash the wight!
You destroy the wight!
Trog accepts your kill.
You have reached level 7!
You are too berserk!
The iguana bites you!
You die...

###########
#######.........
###....l@....##..#
####.#.#####.##.....#
#.........##.# #..###.#
#.....z≈≈.##.#####......#
#).[.z.≈≈P##.......##.###
#.....P.l.########## .#
#.#...#...# .#
#......<.... ..
####.###.≈≈.. #.


You could see an iguana.

Vanquished Creatures
  A human (D:4)
  A scorpion (D:5)
  3 wights (D:5)
  A hound (D:4)
  Robin (D:3)
  4 adders
  An ufetubus (D:5)
  A worm (D:3)
  2 dart slugs
  An orc (D:4)
  7 endoplasms
  5 giant cockroaches
  12 goblins
  7 hobgoblins
  3 jackals (D:1)
  6 kobolds
  3 quokkas
  6 ball pythons
  3 bats
  2 frilled lizards (D:1)
  A jackal zombie (D:4)
  5 rats
76 creatures vanquished.

Notes
Turn   | Place    | Note
-------+----------+-------------------------------------------
     0 | D:1      | Zangoc the Minotaur Berserker began the quest for the Orb.
     0 | D:1      | Reached XP level 1. HP: 19/19 MP: 0/0
   167 | D:1      | Reached XP level 2. HP: 24/27 MP: 1/1
   389 | D:1      | Reached skill level 4 in Axes
   483 | D:1      | Reached ** piety under Trog
   505 | D:1      | Reached XP level 3. HP: 20/33 MP: 2/2
   821 | D:2      | Identified the +8 hand axe "Uqoraepo" {vamp, Dex+3}
   970 | D:3      | Noticed Robin
   977 | D:3      | Killed Robin
   979 | D:3      | Reached XP level 4. HP: 40/40 MP: 3/3
  1083 | D:3      | Found a burning altar of Makhleb.
  1083 | D:3      | Noticed a blizzard demon
  1088 | D:3      | Noticed an orange demon
  1088 | D:3      | Noticed a smoke demon
  1170 | D:3      | Found a faded altar of an unknown god.
  1391 | D:3      | Found a glowing golden altar of the Shining One.
  1655 | D:4      | Reached skill level 5 in Axes
  1777 | D:4      | Noticed a human
  1778 | D:4      | Found a runed translucent door.
  1785 | D:4      | Found a basalt altar of Yredelemnul.
  1797 | D:4      | Killed a human
  1798 | D:4      | Reached skill level 6 in Axes
  1798 | D:4      | Reached XP level 5. HP: 43/47 MP: 4/4
  1877 | D:4      | Reached skill level 7 in Axes
  1877 | D:4      | Reached XP level 6. HP: 47/53 MP: 5/5
  1878 | D:4      | Reached *** piety under Trog
  1906 | D:5      | Entered Level 5 of the Dungeon
  1954 | D:5      | Reached skill level 8 in Axes
  1956 | D:5      | HP: 1/78 [wight/+3 flail (3)]
  1961 | D:5      | Reached XP level 7. HP: 2/60 MP: 6/6
  1961 | D:5      | Slain by an iguana

Illustrated notes

Levels and vault maps discovered:
D:1:      ncdulo_wetmaze, layout_loops_corners
D:2:      layout_basic, hangedman_decor_clover_reticule
D:3:      kennysheep_big_flooded_room, layout_loops_cross,
          makhleb_altar_promises_db, hellmonk_okawaru_the_only_friend_you_need,
          nicolae_tso_swordbearing_angel,
          hellmonk_ecumenical_altar_slurped_away, uniq_robin
D:4:      layout_loops_cross, dk_yredelemnul_ordeal
D:5:      layout_loops_cross, serial_demonic, serial_demonic_g,
          serial_demonic_g, serial_demonic_f, serial_demonic_f,
          serial_demonic_b, serial_demonic_f, minmay_misc_feat_roman,
          nicolae_shop_i_like_small_books_too

Skill      XL: |  1  2  3  4  5  6 |
---------------+-------------------+-----
Axes           | 4 6 7 8 |  8.6
Fighting       | 4 |  4.3
Armour         | 3 |  3.3
Dodging        | 3 |  3.1

Action                     |  1- 3 |  4- 6 |  7- 9 || total
---------------------------+-------+-------+-------++-------
  Melee: Hand axe          |    65 |    68 |       ||   133
         Headbutt          |     6 |     7 |       ||    13
         Punch             |     1 |       |       ||     1
 Invoke: Berserk           |     1 |     1 |       ||     2
    Use: Potion            |     3 |       |       ||     3
         Scroll            |     2 |       |       ||     2
 Armour: Animal skin       |    18 |       |       ||    18
         Ring mail         |       |    19 |       ||    19
  Dodge: Dodged            |    32 |    40 |       ||    72
